 Dungeon Crawl Stone Soup version 0.29-a0-338-g1ff7896281 (webtiles) character file.

Game seed: 6399405126129535504

547 sammy202020 the Skirmisher (level 7, -1/79 (84) HPs)
             Began as a Demonspawn Berserker on Apr 18, 2022.
             Was a Priest of Trog.
             Slain by a wolf (9 damage)
             ... on level 5 of the Dungeon.
             The game lasted 00:08:02 (4287 turns).

sammy202020 the Skirmisher (Demonspawn Berserker)   Turns: 4287, Time: 00:08:03

HP:   -1/79 (84)    AC:  8    Str: 17    XL:     7   Next: 7%
MP:   7/7           EV:  9    Int:  9    God:    Trog [***...]
Gold: 198           SH:  9    Dex: 12    Spells: 6/6 levels left

rFire   . . .      SeeInvis +   a - +1 hand axe (vamp)
rCold   . . .      Faith    .   b - +0 buckler
rNeg    . . .      Spirit   .   c - +0 scale mail
rPois   .          Reflect  .   (helmet restricted)
rElec   .          Harm     .   f - +0 cloak
rCorr   .          Rampage  .   (no gloves)
Will    +....                   (no boots)
Stlth   ..........              (no amulet)
HPRegen 0.23/turn               (no ring)
MPRegen 0.10/turn               (no ring)

@: berserking, drained, very quick
A: horns 1, large bone plates 2, demonic guardian 1, powered by death 1, see
invisible, dopey 1, strong-willed 1
a: Renounce Religion, Berserk, Trog's Hand


You were on level 5 of the Dungeon.
You worshipped Trog.
Trog was most pleased with you.
You visited 1 branch of the dungeon, and saw 5 of its levels.
You also visited: Sewer.

You collected 198 gold pieces.

Inventory:

Hand Weapons
 a - a +1 vampiric hand axe (weapon)
 r - a +0 mace
 u - a +2 vorpal hand axe
Missiles
 o - a boomerang
 t - 12 poisoned darts (quivered)
Armour
 b - a +0 buckler (worn)
 c - a +0 scale mail (worn)
 f - a +0 cloak (worn)
Jewellery
 A - a +6 ring of strength
Wands
 p - a wand of acid (6)
Scrolls
 l - 2 scrolls of fear
 n - 2 scrolls of magic mapping
 q - 2 scrolls of blinking
Potions
 d - a potion of brilliance {unknown}
 g - 4 potions of curing
 h - 2 potions of berserk rage
 i - a potion of ambrosia {unknown}
 j - 2 potions of flight
 k - 3 potions of might
 m - a potion of invisibility {unknown}
 s - a potion of attraction {unknown}
 v - 2 potions of heal wounds {unknown}
 w - a potion of lignification {unknown}
 x - 5 potions of mutation
 z - a potion of magic {unknown}


   Skills:
 * Level 5.6 Fighting
 * Level 5.1 Axes
 + Level 3.4 Armour
 - Level 1.7 Dodging


You had 6 spell levels left.
You didn't know any spells.
Your spell library was empty.

Dungeon Overview and Level Annotations

Branches:
Dungeon (5/15)             Temple (0/1) D:4           Sewer (visited)

Altars:
Hepliaklqana
Sif Muna


Innate Abilities, Weirdness & Mutations

You have a pair of small horns on your head.
You are mostly covered in large bone plates. (SH +6)
A weak demonic guardian rushes to your aid.
You regenerate a little health from kills.
You have supernaturally acute eyesight. (SInv)
You are dopey. (Int -2)
You are strong-willed. (Will+)


Message History

The gnoll shaman hits you with a +0 club.
You slash the gnoll shaman!
You feel better.
The gnoll shaman is moderately wounded.
The wolf closely misses you. You block the gnoll shaman's attack.
You hit the gnoll shaman.
You feel better.
You headbutt the gnoll shaman.
The gnoll shaman is heavily wounded.
You hit the wolf. The wolf bites you but does no damage.
The wolf barely misses you.
The gnoll shaman hits you with a +0 club!
You hit the gnoll shaman.
You feel better.
You headbutt the gnoll shaman!
The gnoll shaman is almost dead.
You barely miss the wolf.
The wolf bites you. x2; The gnoll shaman misses you.
You barely miss the gnoll shaman.
You headbutt the gnoll shaman, but do no damage.
The gnoll shaman is almost dead.
You hit the wolf. The wolf bites you!
The gnoll shaman hits you with a +0 club!
* * * LOW HITPOINT WARNING * * *
The wolf bites you.
* * * LOW HITPOINT WARNING * * *
A red film seems to cover your vision as you go berserk!
You feel yourself moving faster!
You feel mighty! You block the wolf's attack.
The gnoll shaman hits you but does no damage.
You block the wolf's attack.
You slash the gnoll shaman!
You feel better.
You kill the gnoll shaman!
Trog accepts your kill.
You closely miss the wolf. You block the wolf's attack.
You closely miss the necrophage. You completely miss the wolf.
The wolf bites you.
* * * LOW HITPOINT WARNING * * *
A demonic guardian appears!
You hit the wolf. Your headbutt misses the wolf.
The wolf is moderately wounded.
You slash the necrophage! The necrophage hits you.
* * * LOW HITPOINT WARNING * * *
You feel drained.
* * * LOW HITPOINT WARNING * * *
The wolf bites you!
You die...

#######...#
...ggg#.8.#
≈≈≈≈≈≈#...####.
..........#....
...............
≈≈≈≈≈≈#...##...
..... #.8.# ####
##nh.#...
######.@.#.....
#....5.........
#..##...........
#<.....##...
#.......#...
##.....## .
###.[## #.$.#
.....


You could see a necrophage (ally target), a wolf and a friendly iron imp
(summoned).

Vanquished Creatures
  A kobold brigand (Sewer)
  A scorpion (D:4)
  A necrophage (D:4)
  A gnoll shaman (D:5)
  An iguana (D:3)
  3 orc wizards (D:4)
  4 river rats
  8 adders
  A worm (D:2)
  4 dart slugs
  15 orcs (D:4)
  5 bats
  9 endoplasms
  4 giant cockroaches
  7 goblins
  3 hobgoblins
  4 jackals (D:1)
  A quokka (D:2)
  8 ball pythons
  2 frilled lizards
  15 kobolds
  4 rats
102 creatures vanquished.

Vanquished Creatures (collateral kills)
  2 worms
2 creatures vanquished.

Grand Total: 104 creatures vanquished

Notes
Turn   | Place    | Note
-------+----------+-------------------------------------------
     0 | D:1      | sammy202020 the Demonspawn Berserker began the quest for
                  | the Orb.
     0 | D:1      | Reached XP level 1. HP: 18/18 MP: 1/1
   246 | D:1      | Gained mutation: You are partially covered in large bone
                  | plates. (SH +4) [demonic ancestry]
   246 | D:1      | Reached XP level 2. HP: 21/24 MP: 2/2
   704 | D:1      | Found a faded altar of an unknown god.
   861 | D:2      | Gained mutation: You regenerate a little health from kills.
                  | [demonic ancestry]
   861 | D:2      | Reached XP level 3. HP: 29/29 MP: 3/3
  1189 | D:2      | Reached ** piety under Trog
  1405 | D:2      | Gained mutation: You are mostly covered in large bone
                  | plates. (SH +6) [demonic ancestry]
  1405 | D:2      | Reached XP level 4. HP: 37/37 MP: 4/4
  2012 | D:3      | Found a glowing drain.
  2029 | Sewer    | Entered a sewer
  2422 | Sewer    | Noticed a kobold brigand
  2431 | Sewer    | Gained mutation: A weak demonic guardian rushes to your
                  | aid. [demonic ancestry]
  2431 | Sewer    | Reached XP level 5. HP: 42/42 MP: 5/5
  2874 | Sewer    | Gained mutation: You have supernaturally acute eyesight.
                  | (SInv) [potion of mutation]
  2874 | Sewer    | Gained mutation: You are dopey. (Int -2) [potion of
                  | mutation]
  2874 | Sewer    | Gained mutation: You are strong-willed. (Will+) [potion of
                  | mutation]
  2999 | D:3      | Gained mutation: You have a pair of small horns on your
                  | head. [demonic ancestry]
  2999 | D:3      | Reached XP level 6. HP: 50/50 MP: 6/6
  3125 | D:3      | Found a hazy altar of Hepliaklqana.
  3132 | D:3      | Found a shimmering blue altar of Sif Muna.
  3528 | D:4      | Reached *** piety under Trog
  3539 | D:4      | Reached skill level 5 in Fighting
  3613 | D:4      | Found a staircase to the Ecumenical Temple.
  4093 | D:4      | Reached skill level 5 in Axes
  4093 | D:4      | Reached XP level 7. HP: 53/56 MP: 7/7
  4261 | D:5      | Entered Level 5 of the Dungeon
  4287 | D:5      | Slain by a wolf

Illustrated notes

Levels and vault maps discovered:
D:1:      dpeg_arrival_tiny_j, layout_basic,
          chequers_ecumenical_altar_simple_redux, dk_noncrumbling_2
D:2:      layout_rooms, minmay_pentomino_pile
D:3:      layout_loops_ring, mainiacjoe_overflow_big_doors, portal_sewer_entry_b
D:4:      layout_loops_ring, temple_pool_b
D:5:      layout_cave_pools, serial_shops, nicolae_stop_n_shop_2,
          serial_gnoll_camp, gnoll_camp_huts_basic, gnoll_camp_mini_basic,
          gnoll_camp_mini_doghouse, gnoll_camp_medium_01,
          hangedman_decor_clover_reticule

Skill      XL: |  1  2  3  4  5  6 |
---------------+-------------------+-----
Axes           | 3 4 5 |  5.1
Armour         | 2 3 |  3.4
Fighting       | 4 5 |  5.6
Dodging        | |  1.7

Action                   |  1- 3 |  4- 6 |  7- 9 || total
-------------------------+-------+-------+-------++-------
Melee: Hand axe          |   131 |   272 |    10 ||   413
       Punch             |     1 |     2 |       ||     3
       Headbutt          |       |    14 |     3 ||    17
Invok: Berserk           |       |       |     1 ||     1
  Use: Scroll            |       |    13 |     2 ||    15
       Potion            |       |     1 |       ||     1
 Stab: Distracted        |       |     2 |       ||     2
Armor: Scale mail        |    56 |    94 |     7 ||   157
Dodge: Dodged            |    67 |   117 |     6 ||   190
Block: Other             |    22 |    64 |       ||    86
       Buckler           |       |    34 |     6 ||    40

Table legend: (Time is in decaauts)
 A = Elapsed time spent in this place.
 B = Non-inter-level travel time spent in this place.
 C = Inter-level travel time spent in this place.
 D = Time resting spent in this place.
 E = Time spent auto-exploring this place.
 F = Levels seen in this place.
 G = Mean time per level.
                   A        B        C        D        E       F      G
               +--------+--------+--------+--------+--------+-----+--------+
         Total |   4421 |   4289 |    132 |    373 |   2833 |   6 |  736.8 |
       Dungeon |   3457 |   3325 |    132 |      0 |   2461 |   5 |  691.4 |
         Sewer |    964 |    964 |      0 |    373 |    371 |   1 |  964.0 |
               +--------+--------+--------+--------+--------+-----+--------+

Top non-repeatable levels by time:
     D:3: 1042 daAuts
   Sewer: 964 daAuts
     D:1: 821 daAuts
     D:4: 790 daAuts
     D:2: 776 daAuts
     D:5: 25 daAuts
